 Dungeon Crawl Stone Soup version 0.28-a0-906-g0406aca7d3 (webtiles) character file.

Game seed: 6890322467182052576

7 kae the Ruffian (level 1, -2/16 HPs)
             Began as a Draconian Transmuter on Nov 23, 2021.
             Frozen to death by an endoplasm (4 damage)
             ... on level 1 of the Dungeon.
             The game lasted 00:00:11 (157 turns).

kae the Ruffian (Draconian Transmuter)               Turns: 157, Time: 00:00:12

Health: -2/16      AC:  4    Str: 12    XL:     1   Next: 91%
Magic:  2/3        EV: 12    Int: 13    God:
Gold:   11         SH:  0    Dex: 11    Spells: 3/4 levels left

rFire   . . .      SeeInvis .     - Unarmed
rCold   . . .      Faith    .   (no shield)
rNeg    . . .      Spirit   .   (armour unavailable)
rPois   .          Reflect  .   (helmet currently unavailable)
rElec   .          Harm     .   (no cloak)
rCorr   .          Rampage  .   (no gloves)
Will    .....                   (boots currently unavailable)
Stlth   +.........              (no amulet)
HPRegen 0.05/turn               (no ring)
MPRegen 0.08/turn               (no ring)

@: appendages (expiring)
A: horns 2, talons 2, AC +4, unfitting armour, cold-blooded
a: End Transformation


You were on level 1 of the Dungeon.
You had temporarily grown beastly horns and talons.
You visited 1 branch of the dungeon, and saw 1 of its levels.

You collected 11 gold pieces.

You aren't carrying anything.


   Skills:
 + Level 1.2 Fighting
 + Level 1.9 Dodging
 * Level 3.1 Unarmed Combat
 + Level 2.0 Spellcasting
 * Level 2.2 Transmutations


You had 3 spell levels left.
You knew the following spells:

 Your Spells              Type           Power      Damage    Failure   Level
a - Beastly Appendage     Tmut           14%        N/A       11%         1

Your spell library contained the following spells:

 Spells                   Type           Power      Damage    Failure   Level
 Wereblood                Tmut           7%         N/A       16%         2
 Spider Form              Tmut/Pois      4%         N/A       43%         3
 Ice Form                 Ice/Tmut       4%         N/A       85%         4


Dungeon Overview and Level Annotations

Branches:
Dungeon (1/15)

Altars:


Innate Abilities, Weirdness & Mutations

You have temporarily grown beastly horns and talons.
Your plain brown scales are hard. (AC +4)
You cannot fit into any form of body armour.
You are cold-blooded and may be slowed by cold attacks.


Message History

The kobold shouts!
The hobgoblin barely misses you.
The kobold moves out of view.
You barely miss the hobgoblin.
The hobgoblin is lightly wounded.
The hobgoblin hits you but does no damage.
You closely miss the hobgoblin.
The hobgoblin is lightly wounded.
The hobgoblin barely misses you.
You see here 3 gold pieces.
Your horns disappear.
Your talons disappear.
Casting: Beastly Appendage (safe; 11% risk of failure)
Confirm with . or Enter, or press ? or * to list all spells.
You grow a pair of large bovine horns.
Your feet morph into talons.
The hobgoblin hits you but does no damage.
The hobgoblin completely misses you.
You hit the hobgoblin.
You kill the hobgoblin!
You miss the kobold. You claw the kobold, but do no damage.
The kobold barely misses you.
You hit the kobold but do no damage. The kobold hits you with a +0 dagger.
* * * LOW HITPOINT WARNING * * *
You hit the kobold.
The kobold is heavily wounded.
Your transformation is almost over.
The kobold barely misses you.
You aren't carrying any potions.
Unknown command.
As you read the scroll labelled WOCUDE ORUAMAXO, it crumbles to dust.
It is a scroll of identify.
You don't have any unidentified items.
The kobold hits you with a +0 dagger.
* * * LOW HITPOINT WARNING * * *
Unknown command.
You hit the kobold.
You kill the kobold!
You hit the hobgoblin.
You kill the hobgoblin!
The endoplasm freezes you.
You are frozen.
You die...

#.... #.... ....
... #.......##
..####........# ...
.........# #.#
#....... #.#
#.....## # #@#
##......##### ##J#
#............
###..#
#....†.......
#...##
#.......####.
#.##$####
#.......####'
#.....gJ#
##......###.#.
###..##.###.......#
###.
#..###.##...######
#g#. .... ##g.....#
###.


You could see an endoplasm.

Vanquished Creatures
  An endoplasm (D:1)
  A giant cockroach (D:1)
  2 hobgoblins (D:1)
  A kobold (D:1)
  A frilled lizard (D:1)
6 creatures vanquished.

Notes
Turn   | Place    | Note
-------+----------+-------------------------------------------
     0 | D:1      | kae the Draconian Transmuter began the quest for the Orb.
     0 | D:1      | Reached XP level 1. HP: 16/16 MP: 3/3
     2 | D:1      | Noticed a gargoyle
     4 | D:1      | Noticed a merfolk
     4 | D:1      | Noticed a demonspawn
     6 | D:1      | Noticed an elf
     8 | D:1      | Noticed a vine stalker
     8 | D:1      | Noticed a formicid
    11 | D:1      | Noticed a draconian
    13 | D:1      | Noticed a felid
    15 | D:1      | Noticed a minotaur
    15 | D:1      | Noticed a vampire
    17 | D:1      | Noticed a troll
    17 | D:1      | Noticed a ghoul
    19 | D:1      | Noticed a naga
    19 | D:1      | Noticed an octopode
    21 | D:1      | Noticed a tengu
    21 | D:1      | Noticed a human
    23 | D:1      | Noticed an ogre
    25 | D:1      | Noticed a dwarf
    25 | D:1      | Noticed a demigod
    27 | D:1      | Noticed a spriggan
   157 | D:1      | Frozen to death by an endoplasm

Illustrated notes

Levels and vault maps discovered:
D:1:      kb_arrival_jail, layout_rooms

Action                   || total
-------------------------++-------
Melee: Unarmed           ||    16
       Tailslap          ||     2
       Kick              ||     1
       Headbutt          ||     1
 Cast: Beastly Appendage ||     3
  Use: Scroll            ||     1
Armor: Skin              ||     4
Dodge: Dodged            ||    12

Table legend: (Time is in decaauts)
 A = Elapsed time spent in this place.
 B = Non-inter-level travel time spent in this place.
 C = Inter-level travel time spent in this place.
 D = Time resting spent in this place.
 E = Time spent auto-exploring this place.
 F = Levels seen in this place.
 G = Mean time per level.
                   A        B        C        D        E       F      G
               +--------+--------+--------+--------+--------+-----+--------+
         Total |    158 |    158 |      0 |      0 |    108 |   1 |  158.0 |
       Dungeon |    158 |    158 |      0 |      0 |    108 |   1 |  158.0 |
               +--------+--------+--------+--------+--------+-----+--------+

Top non-repeatable levels by time:
     D:1: 158 daAuts
